 Dungeon Crawl Stone Soup version 0.27-a0-1202-ge72e49191c (webtiles) character file.

Game seed: 7759581332622603208

101 deadmanwalking the Twirler (level 4, -2/33 HPs)
             Began as a Demonspawn Gladiator on June 4, 2021.
             Killed by nerve-wracking pain
             ... invoked by Jessica
              (12 damage)
             ... on level 2 of the Dungeon.
             The game lasted 00:07:50 (1453 turns).

deadmanwalking the Twirler (Demonspawn Gladiator)   Turns: 1453, Time: 00:07:51

Health: -2/33      AC:  3    Str: 14    XL:     4   Next: 48%
Magic:  4/4        EV: 12    Int: 10    God:
Gold:   130        SH:  0    Dex: 15    Spells: 3/3 levels left

rFire    . . .     SeeInvis .   a - +0 quarterstaff
rCold    . . .     Faith    +   (shield currently unavailable)
rNeg     . . .     Spirit   .   b - +0 leather armour
rPois    .         Reflect  .   g - +0 hat of Yqaeniri {Regen+}
rElec    .         Harm     .   (no cloak)
rCorr    .         Rampage  .   (no gloves)
Will     +....                  (no boots)
Stlth    +.........             k - amulet of faith
HPRegen  1.11/turn              j - ring of willpower
MPRegen  0.09/turn              (no ring)

@: studying Ice Magic
A: claws 1, demonic guardian 1, ignite blood 1
a: no special abilities


You were on level 2 of the Dungeon.
You visited 1 branch of the dungeon, and saw 2 of its levels.

You collected 130 gold pieces.

Inventory:

Hand Weapons
 a - a +0 quarterstaff (weapon)
Missiles
 c - 41 stones
 d - 3 throwing nets
 e - 56 arrows
 i - 21 sling bullets
Armour
 b - a +0 leather armour (worn)
 g - the +0 hat of Yqaeniri (worn) {Regen+}
   (You acquired it on level 1 of the Dungeon)

   It increases your rate of health regeneration.
 m - a +0 buckler
Jewellery
 j - a ring of willpower (left claw)
 k - an amulet of faith (around neck)
Wands
 l - a wand of charming (3) (quivered)
Potions
 f - 2 potions of curing {unknown}
 h - a potion of invisibility {unknown}


   Skills:
 - Level 2.0 Fighting
 * Level 4.7 Staves
 - Level 1.7 Throwing
 - Level 2.6 Dodging
 + Level 0.1 Shields
 + Level 1.1 Ice Magic


You had 3 spell levels left.
You didn't know any spells.
Your spell library was empty.

Dungeon Overview and Level Annotations

Branches:
Dungeon (2/15)

Altars:

Annotations:
D:2 Jessica


Innate Abilities, Weirdness & Mutations

You have sharp fingernails.
A weak demonic guardian rushes to your aid.
Your demonic aura sometimes causes spilled blood to erupt in flames.


Message History

There is an open door here.
Jessica is no longer moving quickly.
Jessica points at you and mumbles some strange words.
You resist with some effort.
You barely miss Jessica.
Jessica is almost dead.
Jessica gestures wildly while chanting.
Jessica blinks!
Jessica gestures at you while chanting. Pain shoots through your body!
Jessica gestures wildly while chanting.
Jessica blinks!
Jessica hits you with a +0 dagger.
You closely miss Jessica.
Jessica is almost dead.
Jessica casts a spell.
Jessica seems to speed up.
You barely miss Jessica.
Jessica is almost dead.
Jessica misses you.
Jessica gestures wildly while chanting.
Jessica blinks!
Jessica mumbles something strange.
You hit Jessica but do no damage.
Jessica is almost dead.
Jessica barely misses you.
Jessica gestures wildly while chanting.
Jessica blinks!
Jessica casts a spell at you. Pain shoots through your body!
A demonic guardian appears!
You swap places.
Jessica casts a spell at you. Pain shoots through your body!
* * * LOW HITPOINT WARNING * * *
There is an open door here.
You are too injured to fight recklessly!
You are too injured to fight recklessly!
Jessica casts a spell at you. Pain shoots through your body!
You die...

#'#########...###########..
#....†.>..'................
#.###.#####.###................
......#####.###................
......Sg))...##................
......#####@.##................
..... #..#5.....###########
.... #..'................. g..
.######.#@.........####### ..
........'..........#####.. .
.########.................
#......####.......
.########......####.......
.................##.......
...######........#######..
#........# #.. #........# ###


You could see Jessica (fast, ally target) and a friendly quasit (summoned).

Vanquished Creatures
  3 gnolls (D:2)
  An adder (D:2)
  2 worms (D:2)
  3 dart slugs (D:1)
  3 bats
  4 endoplasms
  4 giant cockroaches
  3 goblins
  4 hobgoblins
  2 jackals (D:1)
  3 quokkas
  2 ball pythons
  3 frilled lizards
  A kobold (D:2)
  7 rats
45 creatures vanquished.

Vanquished Creatures (collateral kills)
  An adder (D:2)
  A ball python (D:2)
  A rat (D:2)
3 creatures vanquished.

Vanquished Creatures (others)
  A goblin (D:2)
1 creature vanquished.

Grand Total: 49 creatures vanquished

Notes
Turn   | Place    | Note
-------+----------+-------------------------------------------
     0 | D:1      | deadmanwalking the Demonspawn Gladiator began the quest for
                  | the Orb.
     0 | D:1      | Reached XP level 1. HP: 16/16 MP: 1/1
   109 | D:1      | Reached skill level 3 in Staves
   238 | D:1      | Identified a scroll of acquirement
   238 | D:1      | Acquired the +0 hat of Yqaeniri {Regen+}
   290 | D:1      | Gained mutation: Your demonic aura sometimes causes spilled
                  | blood to erupt in flames. [demonic ancestry]
   290 | D:1      | Reached XP level 2. HP: 22/22 MP: 2/2
   630 | D:1      | Gained mutation: You have sharp fingernails. [demonic
                  | ancestry]
   630 | D:1      | Reached XP level 3. HP: 27/27 MP: 3/3
   875 | D:2      | Reached skill level 4 in Staves
  1174 | D:2      | Acquired a manual of Ice Magic
  1203 | D:2      | Found a faded altar of an unknown god.
  1266 | D:2      | Gained mutation: A weak demonic guardian rushes to your
                  | aid. [demonic ancestry]
  1266 | D:2      | Reached XP level 4. HP: 17/33 MP: 4/4
  1316 | D:2      | Reached skill level 1 in Ice Magic
  1400 | D:2      | Noticed Jessica
  1453 | D:2      | Killed from afar by Jessica

Illustrated notes

Levels and vault maps discovered:
D:1:      minmay_arrival_checkered_box, layout_loops_ring
D:2:      layout_basic, ebering_ecumenical_altar_webs,
          chequers_serial_rivers_micro_d, grunt_ministairs_5, uniq_jessica

Skill      XL: |  1  2  3  4 |
---------------+-------------+-----
Staves         | 3 4 |  4.7
Ice Magic      | 1 |  1.1
Fighting       | |  2.0
Throwing       | |  1.7
Dodging        | |  2.6
Shields        | |  0.1

Action                   |  1- 3 |  4- 6 || total
-------------------------+-------+-------++-------
Melee: Quarterstaff      |   123 |    22 ||   145
Evoke: Wand              |       |     2 ||     2
  Use: Scroll            |     3 |       ||     3
 Stab: Sleeping          |     1 |       ||     1
Armor: Leather armour    |    21 |     4 ||    25
Dodge: Dodged            |    90 |    18 ||   108

Table legend: (Time is in decaauts)
 A = Elapsed time spent in this place.
 B = Non-inter-level travel time spent in this place.
 C = Inter-level travel time spent in this place.
 D = Time resting spent in this place.
 E = Time spent auto-exploring this place.
 F = Levels seen in this place.
 G = Mean time per level.
                   A        B        C        D        E       F      G
               +--------+--------+--------+--------+--------+-----+--------+
         Total |   1469 |   1410 |     59 |     89 |    885 |   2 |  734.5 |
       Dungeon |   1469 |   1410 |     59 |     89 |    885 |   2 |  734.5 |
               +--------+--------+--------+--------+--------+-----+--------+

Top non-repeatable levels by time:
     D:1: 846 daAuts
     D:2: 623 daAuts
